cohdb
Replays
Latest Replays
All Replays
Popular Replays
Top Player Replays
Match Explorer
How It Works
Community
CoH3 Stats
Reddit
Sign in to upload your games and track your stats! →
Sign in with Steam
Match 26099454
Unlisted
Match 26099454
Overview
Messages
Build Orders
End
Construct Infanterie Kompanie
Grenadier Squad
Selects Mechanized Battlegroup
MG 42 Machine Gun Team
Grenadier Squad
GrW 34 Mortar Team
Construct Panzergrenadier Kompanie
Selects Mobile Repair Stations
251 Medium Carrier
Support Elements
StuG III G Assault Gun
251 Medium Carrier
Selects Raid Package
MG 42 Machine Gun Team
Selects StuG Assault Group
J.
FREAK THE DUDE
Bienen
LuiSBa
Jonatanga
Eber
0
0
Comments
sign in to comment!
No comments posted yet!